 Dungeon Crawl Stone Soup version 0.20-b1-18-gaa2fd62 (webtiles) character file.

60 Hook the Caller (level 3, -3/24 HPs)
             Began as a Vampire Summoner on May 24, 2017.
             Killed by divine providence
             ... invoked by an orc priest
              (11 damage)
             ... on level 3 of the Dungeon.
             The game lasted 00:11:20 (3479 turns).

Hook the Caller (Vampire Summoner)                  Turns: 3479, Time: 00:11:20

Health: -3/24      AC:  2    Str:  8    XL:     3   Next: 80%
Magic:  1/7        EV: 13    Int: 17    God:
Gold:   57         SH:  0    Dex: 14    Spells: 1/7 levels left

rFire    . . .     SeeInvis +   (no weapon)
rCold    + + .     Gourm    .   (no shield)
rNeg     + + +     Faith    .   a - +0 robe
rPois    ∞         Spirit   .   d - +0 hat
rElec    .         Reflect  .   (no cloak)
rCorr    .         Harm     .   (no gloves)
MR       +....                  (no boots)
Stlth    ++++......             (no amulet)
Regen    0.0/turn               e - ring of protection from magic
MPRegen  0.1/turn               (no ring)

@: bloodless, non-regenerating
A: fangs 3, see invisible, unbreathing
a: Bat Form


You were on level 3 of the Dungeon.
You were bloodless.

You visited 1 branch of the dungeon, and saw 3 of its levels.

You collected 57 gold pieces.

Inventory:

Hand Weapons
 o - a +0 blowgun
Missiles
 p - 20 poisoned needles
Armour
 a - a +0 robe (worn)
 d - a +0 hat (worn)
Jewellery
 e - a ring of protection from magic (left hand)
Scrolls
 h - a scroll of enchant armour {unknown}
 i - a scroll of teleportation {unknown}
 j - a scroll of recharging {unknown}
 k - a scroll of fear {unknown}
 l - a scroll of remove curse {unknown}
 m - a scroll of blinking {unknown}
 n - a scroll of identify {unknown}
Potions
 c - 3 potions of blood
 f - a potion of agility {unknown}
 g - 2 potions of curing {unknown}
Books
 b - a book of Callings

   Spells                             Type                      Level
   a - Summon Small Mammal            Summoning                    1
   b - Call Imp                       Summoning                    2
   c - Call Canine Familiar           Summoning                    3
   d - Summon Guardian Golem          Hexes/Summoning              3
   e - Summon Lightning Spire         Summoning/Air                4
   f - Summon Ice Beast               Ice/Summoning                4


   Skills:
 + Level 0.1 Fighting
 * Level 2.3 Dodging
 + Level 3.2 Stealth
 + Level 0.7 Unarmed Combat
 * Level 2.8 Spellcasting
 * Level 4.6 Summonings


You had one spell level left.
You knew the following spells:

 Your Spells              Type           Power        Failure   Level  Hunger
a - Summon Small Mammal   Summ           ###.         2%          1    #......
b - Call Imp              Summ           ###.....     4%          2    ##.....
c - Call Canine Familiar  Summ           ###.....     8%          3    ###....


Dungeon Overview and Level Annotations

Branches:
Dungeon (3/15)

Altars:


Innate Abilities, Weirdness & Mutations

You do not heal naturally.
You are immune to poison.
You have razor-sharp teeth.
You have supernaturally acute eyesight. (SInv)
You can survive without breathing.


Message History

Found a stone staircase leading down.
One of your 4 potions of blood rots away.
Your transformation has ended.
Your +0 hat unmelds from your body.
Your +0 robe unmelds from your body.
Your ring of protection from magic unmelds from your body.
Casting: Summon Small Mammal
Confirm with . or Enter, or press ? or * to list all spells.
A beastly little devil appears in a puff of flame.
Casting: Call Imp
Confirm with . or Enter, or press ? or * to list all spells.
A beastly little devil appears in a puff of frigid air.
Your crimson imp blinks!
Casting: Call Imp
Confirm with . or Enter, or press ? or * to list all spells.
A beastly little devil appears in a puff of flame.
You closely miss the orc priest. The orc priest hits you with a whip.
You closely miss the orc priest.
The orc priest calls down the wrath of Beogh upon you.
Beogh smites you!
You die...

#.....#.....## ....S..<
........<....##
........
..............#
........
..............#
........
..............#
.(......
..............####
...o....
..........5......#
........
..............##.#
...or...
..........@5.###.#
......#..5o.##
#...§†o..
......##.########...)..
......##.......###.....
..>.........o....##...5
......#..........#..#.#
.... ##........... # #
... #(.......... ..
#(.÷<.....#


You could see an orc priest, 2 friendly crimson imps and a friendly white imp.

Vanquished Creatures
  A worm (D:2)
  An orc (D:2)
  A giant cockroach (D:1)
  2 goblins
  A kobold (D:3)
  5 rats
11 creatures vanquished.

Vanquished Creatures (collateral kills)
  4 adders (D:2)
  A worm (D:2)
  2 dart slugs (D:1)
  2 leopard geckos
  An orc (D:3)
  3 giant cockroaches
  9 goblins
  A hobgoblin (D:2)
  4 kobolds
  4 bats
  A frilled lizard (D:2)
  4 rats
36 creatures vanquished.

Grand Total: 47 creatures vanquished

Notes
Turn   | Place    | Note
-------+----------+-------------------------------------------
     0 | D:1      | Hook the Vampire Summoner began the quest for the Orb.
     0 | D:1      | Reached XP level 1. HP: 13/13 MP: 3/3
   576 | D:1      | Reached XP level 2. HP: 19/19 MP: 0/5
   878 | D:1      | Learned a level 2 spell: Call Imp
  1620 | D:2      | Reached XP level 3. HP: 13/24 MP: 3/6
  2492 | D:2      | Learned a level 3 spell: Call Canine Familiar
  3479 | D:3      | Killed from afar by an orc priest

Action                   || total
-------------------------++-------
Melee: Unarmed           ||    98
       Bite              ||     5
 Fire: Blowgun           ||     2
 Cast: Summon Small Mamm ||    30
       Call Imp          ||    34
 Abil: End Transformatio ||     3
       Bat Form          ||     3
  Use: Scroll            ||     1
 Stab: Sleeping          ||     2
       Distracted        ||     1
  Eat: Corpse            ||     4
Armor: Robe              ||    19
Dodge: Dodged            ||    79
